 Dungeon Crawl Stone Soup version 0.29.0-3-gbb0933ed62 (webtiles) character file.

Game seed: 17164217747913934154

7904 enile the Thaumaturge (level 11, -19/63 HPs)
             Began as a Deep Elf Conjurer on Aug 26, 2022.
             Was a Priest of Ashenzari.
             Killed by an exploding ball lightning (20 damage)
             ... on level 10 of the Dungeon.
             The game lasted 00:22:08 (14773 turns).

enile the Thaumaturge (Deep Elf Conjurer)          Turns: 14773, Time: 00:22:09

Health: -19/63     AC:  7    Str:  3      XL:     11   Next: 2%
Magic:  22/31      EV: 18    Int: 24 (32) God:    Ashenzari [***...]
Gold:   438        SH:  0    Dex: 12      Spells: 12/38 levels left

rFire   + . .      SeeInvis +   n - +3 short sword (venom)
rCold   . . .      Faith    .   d - orb of Toth-Mos's Legacy {*channel, Elem, Alch} (curse)
rNeg    . . .      Spirit   .   K - +1 robe {Will+}
rPois   .          Reflect  .   D - +0 helmet "Restrained Orthodoxy" {rCorr, Comp, Cun} (curse)
rElec   .          Harm     .   L - +1 cloak
rCorr   +          Rampage  .   z - +0 pair of gloves of Star-Bound Wisdom {Alch, Range} (curse)
Will    ++...      Clarity  +   (no boots)
Stlth   +++.......              (no amulet)
HPRegen 0.00/turn               e - ring "Perceptive Agnosticism" {EV+4, Cun, Fort} (curse)
MPRegen 0.22/turn               t - ring "Cursed Fanaticism" {rF+, Fort, Bglg} (curse)

@: inhibited regen
A: clever 1, inhibited regeneration
a: Renounce Religion, Curse Item, Shatter the Chains


You were on level 10 of the Dungeon.
You worshipped Ashenzari.
Ashenzari was most pleased with you.
You visited 1 branch of the dungeon, and saw 10 of its levels.
You also visited: Ossuary.

You collected 623 gold pieces.
You spent 185 gold pieces at shops.

Inventory:

Hand Weapons
 c - a +1 whip of venom
 n - a +3 short sword of venom (weapon)
 C - a -2 demon whip of venom
Missiles
 i - 11 atropa-tipped darts
Armour
 a - a +0 robe
 d - the cursed orb of Toth-Mos's Legacy (worn) {*channel, Elem, Alch}
   (You found it on level 1 of the Dungeon)

   It has a curse which improves the following skills: Elements: Fire Magic, Ice
   Magic, Air Magic and Earth Magic.
   Alchemy:   Poison Magic and Transmutations.
 z - the cursed +0 pair of gloves of Star-Bound Wisdom (worn) {Alch, Range}
   (You found it on level 1 of the Dungeon)

   It has a curse which improves the following skills: Alchemy: Poison Magic and
   Transmutations.
   Ranged Combat: Ranged Weapons and Throwing.
 D - the cursed +0 helmet "Restrained Orthodoxy" (worn) {rCorr, Comp, Cun}
   (You acquired it in an ossuary)

   rCorr:     It protects you from acid and corrosion.
   It has a curse which improves the following skills: Companions: Summonings
   and Necromancy.
   Cunning:   Dodging and Stealth.
 K - a +1 robe of willpower (worn)
 L - a +1 cloak (worn)
 M - a +0 troll leather armour
Jewellery
 e - the cursed ring "Perceptive Agnosticism" (left hand) {EV+4, Cun, Fort}
   (You found it on level 1 of the Dungeon)

   [ring of evasion]

   EV:        It affects your evasion (+4).
   It has a curse which improves the following skills: Cunning: Dodging and
   Stealth.
   Fortitude: Armour and Shields.
 j - a ring of resist corrosion
 t - the cursed ring "Cursed Fanaticism" (right hand) {rF+, Fort, Bglg}
   (You found it on level 4 of the Dungeon)

   [ring of protection from fire]

   rF:        It protects you from fire.
   It has a curse which improves the following skills: Fortitude: Armour and
   Shields.
   Beguiling: Conjurations, Hexes and Translocations.
 H - a ring of positive energy
 I - a ring of flight
Wands
 q - a wand of iceblast (24)
 J - a wand of flame (5)
Scrolls
 b - 2 scrolls of silence
 k - 5 scrolls of enchant armour
 l - 2 scrolls of magic mapping
 m - 3 scrolls of teleportation
 o - 2 scrolls of fear
 r - 5 scrolls of amnesia
 u - a scroll of vulnerability
 w - 2 scrolls of immolation
 y - 3 scrolls of blinking
 A - 2 scrolls of brand weapon
 E - 2 scrolls of poison
 G - a scroll of fog
Potions
 f - 5 potions of brilliance
 g - 3 potions of haste
 h - 3 potions of heal wounds
 p - 9 potions of curing
 s - 3 potions of might
 v - 3 potions of lignification
 x - a potion of mutation
 B - 2 potions of cancellation
 F - a potion of resistance


   Skills:
 - Level 5.0 Fighting
 - Level 4.2(6.5) Dodging
 - Level 3.6(5.8) Stealth
 - Level 14.0 Spellcasting
 - Level 6.3(8.0) Conjurations
 - Level 2.0(3.2) Fire Magic
 + Level 9.5(11.1) Air Magic
 - Level 4.0 Evocations


You had 12 spell levels left.
You knew the following spells:

 Your Spells              Type           Power      Damage    Failure   Level
a - Conjure Ball Lightni  Conj/Air       29%        3x3d8     11%         6
b - Searing Ray           Conj           100%       2d8       1%          2
c - Airstrike             Air            31%        2d(5-21)  1%          4
d - Swiftness             Air            63%        N/A       1%          3
e - Magic Dart            Conj           100%       1d8       1%          1
f - Dazzling Flash        Conj/Hex       72%        N/A       1%          3
g - Inner Flame           Hex/Fire       25%        N/A       5%          3
h - Fulminant Prism       Conj/Hex       18%        3d11      6%          4

Your spell library contained the following spells:

 Spells                   Type           Power      Damage    Failure   Level
 Shock                    Conj/Air       100%       1d9       1%          1
 Slow                     Hex            68%        N/A       3%          1
 Sublimation of Blood     Necr           17%        N/A       4%          2
 Iskenderun's Mystic Bla  Conj/Tloc      36%        2d9       6%          4
 Confusing Touch          Hex            17%        N/A       10%         3
 Ozocubu's Armour         Ice            17%        N/A       10%         3
 Tukima's Dance           Hex            17%        N/A       10%         3
 Vampiric Draining        Necr           17%        2d7       10%         3
 Cause Fear               Hex            8%         N/A       32%         4
 Passage of Golubria      Tloc           17%        N/A       32%         4
 Agony                    Necr           17%        N/A       65%         5
 Yara's Violent Unravell  Hex/Tmut       8%         3d5       65%         5
 Ozocubu's Refrigeration  Ice            8%         4d9       100%        7
 Discord                  Hex            8%         N/A       100%        8


Dungeon Overview and Level Annotations

Branches:
Dungeon (10/15)            Temple (0/1) D:4         Ossuary (visited)
   Lair: D:8-11         Orc: D:9-12

Altars:
Ashenzari
Fedhas
Hepliaklqana
Okawaru
Qazlal
Sif Muna
Uskayaw
Vehumet
Wu Jian
The Shining One

Shops:
D:1 ((!*   D:7 *

Annotations:
D:8 3 runed translucent doors, Buttons840's ghost, novice GnWn
D:10 Josephine


Innate Abilities, Weirdness & Mutations

Your mind is acute. (Int +4, Str/Dex -1)
You do not regenerate when monsters are visible.


Message History

Okay, then.
Casting: Airstrike (safe; 1% risk of failure)
Confirm with . or Enter, or press ? or * to list all spells.
Aiming: Fulminant Prism (dangerous; 6% risk of failure)
Press: ? - help, Dir - move target You conjure a prism of explosive energy!
A fulminant prism comes into view.
A yak comes into view.
The orc warrior hits you from afar with a +0 halberd!
Your fulminant prism crackles loudly.
Your fulminant prism explodes!
The blast of energy engulfs the orc!!
You kill the orc!
The blast of energy engulfs the orc warrior!
The orc warrior is moderately wounded.
You hear a howl! x2
Casting: Fulminant Prism (dangerous; 6% risk of failure)
Confirm with . or Enter, or press ? or * to list all spells.
Okay, then.
Casting: Fulminant Prism (dangerous; 6% risk of failure)
Confirm with . or Enter, or press ? or * to list all spells.
You create some ball lightning! 3 ball lightnings come into view.
The orc warrior hits you from afar with a +0 halberd!
Your ball lightning explodes!
The blast of lightning engulfs the yak!
The yak is heavily wounded.
The blast of lightning engulfs you!!
* * * LOW HITPOINT WARNING * * *
Your ball lightning explodes!
The blast of lightning engulfs you!
* * * LOW HITPOINT WARNING * * *
The blast of lightning engulfs the orc warrior!
The orc warrior is heavily wounded.
The blast of lightning engulfs your ball lightning.
Your ball lightning completely resists.
Your ball lightning explodes!
The blast of lightning engulfs the orc warrior!
You kill the orc warrior!
The blast of lightning engulfs you!!
You die...

, .......* * .........# *
..........# ...........#
...........# #######
...........* ##.....#
..........########......#
..........@<............#
,
......Y....########.....#
, ,.........).#
#####..##### ....Y..†...#
#.....## ,, ........)).#
#.....# ...........#
#....## *
##.........###....#
##......#.....#.####* **
##$................ *


You could see 2 yaks.

Vanquished Creatures
  2 two-headed ogres
  Amaemon (D:9)
  A gargoyle (D:10)
  An orange demon (D:9)
  A troll (D:10)
  4 yaks (D:9)
  A wraith (D:10)
  3 vampire mosquitoes (D:10)
  Menkaure (Ossuary)
  A water moccasin (D:8)
  An acid dragon (D:10)
  An ice beast (D:8)
  2 sky beasts
  6 orc warriors
  3 black bears
  2 centaurs
  An ogre (D:6)
  2 elf zombies (Ossuary)
  2 kobold brigands
  3 bullfrogs
  3 scorpions
  A necrophage (D:7)
  4 wights (D:9)
  3 jellies
  10 killer bees
  A howler monkey (D:9)
  3 centaur zombies (Ossuary)
  6 hounds
  A human zombie (Ossuary)
  6 orc priests
  2 gnoll boudas
  An iguana (D:4)
  7 orc wizards
  An ogre zombie (Ossuary)
  6 mummies (Ossuary)
  13 gnolls
  5 adders
  A shadow imp (D:7)
  2 ufetubi
  6 adder zombies (Ossuary)
  5 dart slugs
  62 orcs
  5 ball pythons
  8 endoplasms
  4 giant cockroaches
  A gnoll zombie (Ossuary)
  2 goblins
  9 hobgoblins
  6 jackals
  13 kobolds
  4 quokkas
  4 bats
  3 frilled lizards
  2 goblin zombies (Ossuary)
  4 hobgoblin zombies (Ossuary)
  3 kobold zombies (Ossuary)
  4 quokka zombies (Ossuary)
  4 rats
  2 rat zombies (Ossuary)
266 creatures vanquished.

Vanquished Creatures (others)
  4 ball lightnings
  14 fulminant prisms
  A fungus (D:4)
19 creatures vanquished.

Grand Total: 285 creatures vanquished

Notes
Turn   | Place    | Note
-------+----------+-------------------------------------------
     0 | D:1      | enile the Deep Elf Conjurer began the quest for the Orb.
     0 | D:1      | Reached XP level 1. HP: 10/10 MP: 6/6
     8 | D:1      | Found Hirhitya's Weapon Shoppe.
    98 | D:1      | Reached skill level 1 in Fighting
   165 | D:1      | Reached XP level 2. HP: 16/16 MP: 6/8
   201 | D:1      | Learned a level 2 spell: Searing Ray
   298 | D:1      | Found a faded altar of an unknown god.
   321 | D:1      | Prayed at the altar of an unknown god.
   321 | D:1      | Became a worshipper of Ashenzari the Shackled
   366 | D:1      | Found Yhunam's Antique Weapon Emporium.
   420 | D:1      | Reached skill level 4 in Spellcasting
   639 | D:1      | Found Aqefo's Assorted Antiques.
   642 | D:1      | Bought a red potion for 26 gold pieces
   642 | D:1      | Bought a smoky golden potion for 26 gold pieces
   648 | D:1      | Found Leagablae's Distillery.
   880 | D:1      | Reached XP level 3. HP: 20/20 MP: 6/10
  1169 | D:2      | Reached * piety under Ashenzari
  1295 | D:2      | Reached skill level 5 in Spellcasting
  2228 | D:3      | Reached XP level 4. HP: 26/26 MP: 10/13
  2643 | D:3      | Reached XP level 5. HP: 32/32 MP: 0/14
  2742 | D:3      | Identified the Directory of Dark Rites and the Brume
  2986 | D:4      | Noticed a black bear
  3573 | D:4      | Killed a black bear
  3574 | D:4      | Reached skill level 6 in Spellcasting
  3574 | D:4      | Reached XP level 6. HP: 29/36 MP: 6/17
  3755 | D:4      | Found a blossoming altar of Fedhas.
  3815 | D:4      | Found a staircase to the Ecumenical Temple.
  3881 | D:4      | Reached skill level 7 in Spellcasting
  3962 | D:4      | Found a radiant altar of Vehumet.
  4421 | D:1      | Bought a scroll labelled SYROENU ZUXZAD for 29 gold pieces
  4431 | D:1      | Bought a potion of mutation for 104 gold pieces
  4513 | D:5      | Entered Level 5 of the Dungeon
  4549 | D:5      | Found a stormy altar of Qazlal.
  4736 | D:4      | Learned a level 3 spell: Dazzling Flash
  4751 | D:4      | Learned a level 3 spell: Swiftness
  4756 | D:4      | Learned a level 4 spell: Fulminant Prism
  4818 | D:5      | Found a glowing golden altar of the Shining One.
  5168 | D:5      | Reached XP level 7. HP: 40/42 MP: 2/19
  5542 | D:1      | Reached ** piety under Ashenzari
  5954 | D:5      | Found a shimmering blue altar of Sif Muna.
  6374 | D:6      | Reached skill level 5 in Fighting
  6374 | D:6      | Reached skill level 1 in Fire Magic
  6451 | D:6      | Found a sand-covered staircase.
  6459 | Ossuary  | Entered an ossuary
  6987 | Ossuary  | Noticed Menkaure
  6988 | Ossuary  | Identified a scroll of acquirement
  6997 | Ossuary  | Killed Menkaure
  6998 | Ossuary  | Reached XP level 8. HP: 15/49 MP: 6/21
  7528 | Ossuary  | Acquired the +0 helmet "Isituomega" {rCorr}
  7996 | Ossuary  | Learned a level 4 spell: Airstrike
  8403 | D:6      | Found a hazy altar of Hepliaklqana.
  8562 | D:6      | Reached skill level 5 in Air Magic
  8761 | D:6      | Noticed a two-headed ogre
  8770 | D:6      | Killed a two-headed ogre
  8771 | D:6      | Reached skill level 9 in Spellcasting
  8771 | D:6      | Reached XP level 9. HP: 34/54 MP: 6/24
  9007 | D:6      | Reached skill level 10 in Spellcasting
  9368 | D:6      | HP: 1/54 [poisoned by a killer bee]
 10146 | D:7      | Found Detiuran's General Store.
 10347 | D:7      | Reached skill level 11 in Spellcasting
 10783 | D:8      | Found a runed translucent gate.
 10784 | D:8      | Found a runed translucent gate.
 10787 | D:8      | Noticed Buttons840's ghost (novice GnWn)
 10787 | D:8      | Found a runed translucent gate.
 10836 | D:8      | Found an iron altar of Okawaru.
 10974 | D:8      | Reached skill level 12 in Spellcasting
 11289 | D:8      | Found an ornate altar of the Wu Jian Council.
 11543 | D:9      | Noticed a two-headed ogre
 11547 | D:9      | Killed a two-headed ogre
 11548 | D:9      | Reached XP level 10. HP: 59/59 MP: 11/28
 11658 | D:9      | Learned a level 3 spell: Inner Flame
 11658 | D:9      | Reached *** piety under Ashenzari
 11882 | D:9      | Reached skill level 5 in Conjurations
 12015 | D:9      | Learned a level 6 spell: Conjure Ball Lightning
 12778 | D:9      | Found a hide-covered altar of Uskayaw.
 12778 | D:9      | Noticed Amaemon
 12778 | D:9      | Noticed an orange demon
 12785 | D:9      | Killed Amaemon
 12785 | D:9      | Killed an orange demon
 12786 | D:9      | Reached skill level 13 in Spellcasting
 13112 | D:10     | Entered Level 10 of the Dungeon
 13251 | D:10     | Reached skill level 14 in Spellcasting
 14271 | D:10     | Noticed Josephine
 14665 | D:10     | Noticed a gargoyle
 14668 | D:10     | Killed a gargoyle
 14669 | D:10     | Reached XP level 11. HP: 62/63 MP: 12/31
 14682 | D:10     | Gained mutation: Your magical capacity is low. (-10% MP)
                  | [potion of mutation]
 14683 | D:10     | Lost mutation: Your magical capacity is low. (-10% MP)
                  | [potion of mutation]
 14683 | D:10     | Gained mutation: You do not regenerate when monsters are
                  | visible. [potion of mutation]
 14683 | D:10     | Gained mutation: Your mind is acute. (Int +4, Str/Dex -1)
                  | [potion of mutation]
 14773 | D:10     | HP: 1/63 [spore (15)]
 14773 | D:10     | Killed by an exploding ball lightning

Illustrated notes

Levels and vault maps discovered:
D:1:      roderic_crossed_star, layout_basic, serial_shops,
          nicolae_shop_bloodbath_and_beyond, nicolae_diamond_shop, shop, shop,
          hellmonk_ecumenical_altar_pennies_from_heaven, nrook_campfire
D:2:      layout_loops_ring, kennysheep_cross_room, kennysheep_generic_room_9
D:3:      layout_rooms
D:4:      layout_rooms, mainiacjoe_overflow_boulevard, nicolae_vehumet_radiance,
          minmay_temple_entry_stoned_glass, minmay_misc_feat_more_columns
D:5:      layout_loops_corners, mainiacjoe_overflow_catch_the_wave,
          mainiacjoe_overflow_surrounded_room,
          hangedman_abyss_or_decor_lesser_grid, feat_on_display
D:6:      layout_layer_cave, mainiacjoe_overflow_catwalk, enter_ossuary_1,
          hangedman_decor_points, skrybe_limestone_x, dk_vineyard_2,
          minmay_misc_feat_rows
D:7:      layout_gridville, serial_shops, nicolae_take_the_stairs,
          dreamdust_princess_bridge
D:8:      layout_loops_ring, mainiacjoe_overflow_brackets, old_standard_altar,
          biasface_ghost_orc_armoury
D:9:      layout_roguey, nicolae_uskayaw_dance_studio, uniq_amaemon
D:10:     layout_rooms, special_room [special_room_orc], uniq_josephine

Skill      XL: |  1  2  3  4  5  6  7  8  9 10 |
---------------+-------------------------------+-----
Fighting       | 1 2 3 5 |  5.0
Spellcasting   | 4 5 6 7 9 12 14 | 14.0
Dodging        | 4 |  4.2
Fire Magic     | 2 |  2.0
Air Magic      | 2 5 7 9 |  9.5
Evocations     | 2 4 |  4.0
Stealth        | 3 |  3.6
Conjurations   | 6 |  6.3

Action                   |  1- 3 |  4- 6 |  7- 9 | 10-12 || total
-------------------------+-------+-------+-------+-------++-------
Melee: Whip              |     5 |       |       |       ||     5
       Short sword       |       |    18 |    57 |    51 ||   126
 Cast: Magic Dart        |    69 |    85 |       |       ||   154
       Searing Ray       |     2 |    22 |    49 |     2 ||    75
       Fulminant Prism   |       |     8 |     8 |     1 ||    17
       Swiftness         |       |       |     2 |     1 ||     3
       Airstrike         |       |       |    64 |   101 ||   165
       Inner Flame       |       |       |       |     8 ||     8
       Conjure Ball Ligh |       |       |       |     2 ||     2
Invok: Curse Item        |     2 |       |     2 |     1 ||     5
  Use: Potion            |       |       |     3 |     2 ||     5
       Scroll            |       |       |     1 |     2 ||     3
 Stab: Distracted        |     1 |       |       |       ||     1
       Sleeping          |       |       |     1 |     1 ||     2
Armor: Robe              |     1 |     5 |    12 |     6 ||    24
Dodge: Dodged            |     8 |    53 |   147 |    81 ||   289
